 Dungeon Crawl Stone Soup version 0.27-a0-1140-g099f9bb0e8 (webtiles) character file.

Game seed: 10219847893948591977

10631 dickylongcocking the Fighter (level 11, -4/89 HPs)
             Began as a Djinni Ice Elementalist on May 8, 2021.
             Was a Follower of Makhleb.
             Slain by a swamp worm (11 damage)
             ... on level 2 of the Lair of Beasts.
             The game lasted 00:13:12 (15797 turns).

dickylongcocking the Fighter (DjIE)                Turns: 15797, Time: 00:13:13

Health: -4/89      AC:  6    Str: 13      XL:     11   Next: 65%
Gold:   453        EV: 13    Int: 24      God:    Makhleb [*.....] SH:  0 Dex: 11 (14)

rFire    + + +     SeeInvis .   S - staff of conjuration
rCold    . . .     Faith    .   (no shield)
rNeg     . . .     Spirit   .   t - +1 robe of the Blind Marksman {Will+ Int+4}
rPois    ∞         Reflect  .   W - +1 helmet
rElec    .         Harm     .   U - scarf {rC+ rF+}
rCorr    .         Rampage  .   y - +0 pair of gloves
Will     +++..                  (boots unavailable)
Stlth    ++........             (no amulet)
HPRegen  0.24/turn              N - +6 ring of strength
MPRegen  0.00/turn              O - ring of willpower

@: flying
A: sickness immunity, fire resistance 2, cold vulnerability 1, float, innate
caster, hp casting, extra vitality 1
a: Renounce Religion


You were on level 2 of the Lair of Beasts.
You worshipped Makhleb.
Makhleb was aware of your devotion.
You visited 3 branches of the dungeon, and saw 13 of its levels.

You collected 537 gold pieces.
You spent 84 gold pieces at shops.

Inventory:

Hand Weapons
 c - a +0 dagger
 e - a +1 whip of venom
 o - a +2 long sword of holy wrath
 q - a +0 whip of freezing
 Z - a +2 falchion of electrocution
Missiles
 s - 12 atropa-tipped darts
 R - 3 boomerangs of dispersal
Armour
 a - a +0 robe
 f - a +0 leather armour
 k - a +2 robe of willpower
 t - the +1 robe of the Blind Marksman (worn) {Will+ Int+4}
   (You found it on level 4 of the Dungeon)

   It affects your intelligence (+4).
   It increases your willpower.
 y - a +0 pair of gloves (worn)
 K - a +0 cloak
 L - a scarf of repulsion
 U - a scarf of resistance (worn)
 W - a +1 helmet (worn)
Magical Staves
 S - a staff of conjuration (weapon)
Jewellery
 u - an amulet of the acrobat
 N - a +6 ring of strength (left hand)
 O - a ring of willpower (right hand)
 P - an amulet of regeneration
 Q - a ring of flight
 T - a +4 ring of evasion
Wands
 d - a wand of mindburst (15)
 A - a wand of flame (35)
 B - a wand of iceblast (13)
Scrolls
 b - 6 scrolls of teleportation
 h - a scroll of vulnerability {unknown}
 j - a scroll of enchant armour {unknown}
 l - a scroll of immolation
 n - 2 scrolls of enchant weapon
 p - a scroll of identify
 C - 3 scrolls of fear
 J - a scroll of torment
 V - a scroll of magic mapping
 X - a scroll of holy word
 Y - a scroll of summoning
Potions
 g - a potion of magic {unknown}
 i - 5 potions of curing
 m - 2 potions of resistance {unknown}
 r - 5 potions of degeneration
 v - 2 potions of ambrosia {unknown}
 w - a potion of haste {unknown}
 x - a potion of berserk rage
 z - 2 potions of heal wounds {unknown}
 D - a potion of might {unknown}
 E - a potion of mutation {unknown}
 F - 2 potions of invisibility {unknown}
 G - 2 potions of lignification {unknown}
 H - a potion of attraction {unknown}
 I - 4 potions of brilliance {unknown}
 M - a potion of cancellation {unknown}


   Skills:
 * Level 11.6 Fighting
 * Level 4.0 Long Blades
 * Level 5.5 Dodging
 - Level 1.5 Stealth
 * Level 10.7 Spellcasting


You had 2 spell levels left.
You knew the following spells:

 Your Spells              Type           Power      Damage    Failure   Level
a - Freeze                Ice            100%       1d11      1%          1
b - Frozen Ramparts       Ice            100%       1d12      1%          3
c - Ozocubu's Armour      Ice            59%        N/A       1%          3
d - Hailstorm             Conj/Ice       77%        3d16      1%          4
e - Metabolic Englaciati  Hex/Ice        29%        N/A       1%          5
f - Shock                 Conj/Air       100%       1d9       1%          1
g - Poisonous Vapours     Pois/Air       100%       N/A       1%          2
h - Call Imp              Summ           59%        N/A       1%          2
i - Gell's Gravitas       Tloc           29%        N/A       1%          3
j - Yara's Violent Unrav  Hex/Tmut       29%        3d12      1%          5
Your spell library was empty.

Dungeon Overview and Level Annotations

Branches:
Dungeon (10/15)            Temple (1/1) D:6            Lair (2/6) D:8
  Swamp (0/4) Lair:2
  Snake: Lair:2-4    Spider: Lair:2-4       Orc: D:9-12

Altars:
Ashenzari
Cheibriados
Dithmenos
Elyvilon
Fedhas
Gozag
Hepliaklqana
Kikubaaqudgha
Makhleb
Nemelex Xobeh
Okawaru
Qazlal
Ru
Sif Muna
Trog
Uskayaw
Vehumet
Wu Jian
Xom
Yredelemnul
Zin
The Shining One

Shops:
D:7 ?


Innate Abilities, Weirdness & Mutations

You are immune to sickness and miasma.
You are immune to poison.
Your flesh is very heat resistant. (rF++)
You are vulnerable to cold. (rC-)
You float through the air rather than walking.
You learn spells naturally, not from books.
Your magical power is your life essence.
You have superior vitality. (+4 HP)


Message History

You feel a surge of power!
A cannonade of hail descends around you!
The hail pelts the swamp worm!!
The swamp worm is almost dead.
The hail pelts the plant!!
The plant begins to die.
The plant is lightly damaged.
The swamp worm fires a harpoon shot at you.
The harpoon shot hits you!
You are yanked forward by the harpoon shot.
Unknown command.
Casting: Hailstorm (mildly dangerous; 1% risk of failure)
Confirm with . or Enter, or press ? or * to list all spells.
You can't see any susceptible monsters within range! (Use Z to cast anyway.) Unknown command.
Unknown command.
The swamp worm fires a harpoon shot at you.
The harpoon shot misses you.
The swamp worm fires a harpoon shot at you.
The harpoon shot hits you!
You are yanked forward by the harpoon shot.
The swamp worm fires a harpoon shot at you.
The harpoon shot hits you!
You are yanked forward by the harpoon shot.
Unknown command.
Unknown command.
Aiming: Iceblast
Press: ? - help, Shift-Dir - straight line The mass of ice explodes!
The iceblast engulfs the swamp worm!
The swamp worm is moderately wounded.
The swamp worm bites you!
Unknown command.
Unknown command.
Unknown command.
Unknown command.
The swamp worm fires a harpoon shot at you.
The harpoon shot hits you!!
* * * LOW HITPOINT WARNING * * *
You are yanked forward by the harpoon shot.
The swamp worm bites you!
You die...

#P.............#####...# ##.#
....###PP..............# #..#
##..# ###.P##.#..#.....#### #..##
###.## #.#########....P#.###...#
#...# #..♣ #............## ##..##
##.## ♣♣♣#.............# #...#
#P.# ♣♣♣♣§♣♣............P# ##..##
##.##♣§§§§§♣............##
##..####...♣≈§§@§...........<..#
###.#..##...♣≈§w§w♣............##
##..........♣♣≈♣♣♣♣.P##.##.....#
......##..##.♣♣♣♣♣........#....##
......#######....♣........#....P#
.......# ##..................##
......## #.....P........+....##
......# ##.............#.....#
..(...# #......P..P#.#.....P#


You could see 2 swamp worms.

Vanquished Creatures
  Nergalle (Lair:2)
  Pikel (D:4)
  A deep elf pyromancer (D:10)
  A black mamba (Lair:2)
  2 cane toads (Lair:1)
  A komodo dragon (Lair:1)
  Prince Ribbit (D:8)
  4 blink frogs (Lair:1)
  4 wyverns
  15 yaks
  Grum (D:8)
  3 vampire mosquitoes (D:7)
  4 water moccasins
  2 black bears
  5 orc warriors
  An ice beast (D:6)
  An ogre (D:5)
  3 wolves (D:8)
  A necrophage (D:10)
  3 centaurs
  A phantom (D:6)
  A gnoll sergeant (D:9)
  6 bullfrogs
  A kobold brigand (D:7)
  2 scorpions
  A water moccasin skeleton (D:5)
  A howler monkey (D:9)
  3 killer bees (D:9)
  5 wights
  5 electric eels
  2 lava snakes (D:10)
  A centaur zombie (D:8)
  2 bullfrog zombies
  2 hounds (D:4)
  2 centaur skeletons
  2 orc priests
  A bullfrog skeleton (D:3)
  2 gnoll shamans (D:7)
  2 iguanas
  5 orc wizards
  3 howler monkey zombies
  8 gnolls
  5 adders
  2 white imps (D:7)
  An ufetubus (D:4)
  A worm (D:5)
  2 adder skeletons (D:4)
  4 dart slugs
  15 orcs
  8 endoplasms
  2 giant cockroaches (D:4)
  5 goblins
  10 hobgoblins
  9 jackals
  9 kobolds
  A quokka (D:1)
  5 ball pythons
  9 bats
  A frilled lizard (D:1)
  A quokka zombie (D:4)
  6 rats
  A rat zombie (D:4)
210 creatures vanquished.

Vanquished Creatures (others)
  8 fungi
  15 plants
23 creatures vanquished.

Grand Total: 233 creatures vanquished

Notes
Turn   | Place    | Note
-------+----------+-------------------------------------------
     0 | D:1      | dickylongcocking the Djinni Ice Elementalist began the
                  | quest for the Orb.
     0 | D:1      | Reached XP level 1. HP: 15/15 MP: 0/0
   295 | D:1      | Reached XP level 2. HP: 17/21 MP: 0/0
   979 | D:1      | Reached skill level 1 in Fighting
  1128 | D:1      | Reached XP level 3. HP: 26/27 MP: 0/0
  1128 | D:1      | Learned a level 1 spell: Shock
  1833 | D:2      | You are sucked into a shaft and drop 2 floors!
  2093 | D:4      | Noticed Pikel
  2093 | D:4      | Noticed a lemure
  2093 | D:4      | Noticed a lemure
  2094 | D:4      | Noticed a lemure
  2102 | D:4      | Killed Pikel
  2103 | D:4      | Reached skill level 4 in Fighting
  2103 | D:4      | Reached skill level 5 in Spellcasting
  2103 | D:4      | Reached XP level 4. HP: 10/38 MP: 0/0
  2103 | D:4      | Reached XP level 5. HP: 11/42 MP: 0/0
  2103 | D:4      | Learned a level 2 spell: Poisonous Vapours
  2103 | D:4      | Reached XP level 6. HP: 13/48 MP: 0/0
  2103 | D:4      | Reached XP level 7. HP: 14/53 MP: 0/0
  2103 | D:4      | Learned a level 2 spell: Call Imp
  2369 | D:4      | Reached skill level 5 in Fighting
  2477 | D:4      | Found a bloodstained altar of Trog.
  2922 | D:4      | Identified the +1 robe of the Blind Marksman {Will+ Int+4}
  3640 | D:3      | Found a broken altar of Ashenzari.
  3816 | D:3      | Reached XP level 8. HP: 49/61 MP: 0/0
  3946 | D:3      | Found a faded altar of an unknown god.
  4422 | D:2      | Found a basalt altar of Yredelemnul.
  4701 | D:5      | Entered Level 5 of the Dungeon
  4712 | D:4      | Reached skill level 6 in Fighting
  5716 | D:5      | Found a glowing golden altar of the Shining One.
  6235 | D:6      | Reached skill level 7 in Fighting
  6303 | D:6      | Found a staircase to the Ecumenical Temple.
  6317 | D:6      | You are sucked into a shaft and drop 1 floor!
  6733 | D:7      | Reached XP level 9. HP: 55/69 MP: 0/0
  6733 | D:7      | Learned a level 3 spell: Gell's Gravitas
  6927 | D:7      | Reached skill level 8 in Fighting
  7837 | Temple   | Entered the Ecumenical Temple
  8175 | Temple   | Became a worshipper of Makhleb the Destroyer
  8578 | D:7      | Identified the +0 ring mail of Wasted Space {rElec}
  8635 | D:7      | Found Laliutse's Magic Scroll Emporium.
  8643 | D:7      | Bought a scroll of teleportation for 36 gold pieces
  8643 | D:7      | Bought a scroll of identify for 24 gold pieces
  8643 | D:7      | Bought a scroll of identify for 24 gold pieces
  9071 | D:8      | Reached skill level 9 in Fighting
  9652 | D:8      | Reached XP level 10. HP: 72/79 MP: 0/0
  9655 | D:8      | Reached skill level 10 in Fighting
 10252 | D:8      | Found a staircase to the Lair.
 10276 | D:8      | Reached * piety under Makhleb
 10334 | D:8      | Noticed Grum
 10349 | D:8      | Killed Grum
 10902 | D:8      | Noticed Prince Ribbit
 10919 | D:8      | Killed Prince Ribbit
 11555 | D:9      | Reached skill level 10 in Spellcasting
 12526 | D:10     | Entered Level 10 of the Dungeon
 12545 | D:10     | Noticed a deep elf pyromancer
 12549 | D:10     | Killed a deep elf pyromancer
 12550 | D:10     | Reached skill level 11 in Fighting
 12550 | D:10     | Reached skill level 1 in Long Blades
 12683 | D:10     | Found a hide-covered altar of Uskayaw.
 12953 | D:8      | Reached XP level 11. HP: 81/87 MP: 0/0
 12953 | D:8      | Learned a level 5 spell: Yara's Violent Unravelling
 13008 | Lair:1   | Entered Level 1 of the Lair of Beasts
 13541 | Lair:1   | Identified a scroll of acquirement
 13546 | Lair:1   | Acquired a staff of conjuration
 14448 | Lair:2   | Noticed Nergalle
 14452 | Lair:2   | HP: 1/79 [Nergalle/bolt of negative energy (28)]
 14478 | Lair:2   | Killed Nergalle
 14479 | Lair:2   | Reached skill level 5 in Dodging
 15792 | Lair:2   | Found a staircase to the Swamp.
 15797 | Lair:2   | Slain by a swamp worm

Illustrated notes

Levels and vault maps discovered:
D:1:      heliophobic_arrival_ceremonial_halls, layout_basic,
          minmay_misc_feat_square
D:2:      layout_rooms, basic_altar, minmay_pentomino_q2
D:3:      layout_basic, ashenzari_conservatory_becter,
          hellmonk_ecumenical_altar_arch_garden
D:4:      layout_loops_ring, lemuel_tele_altar, portal_sewer_entry_c,
          enter_ossuary_4, uniq_pikel
D:5:      layout_cave_pools, general_overflow_altar
D:6:      layout_gridville, minmay_temple_entry_junction
D:7:      layout_cave_pools, serial_shops, nicolae_shop_window_shopping,
          hangedman_decor_opposing, st_stairs_10
D:8:      layout_loops_cross, dpeg_oklobed_lair, minmay_misc_feat_alley,
          serial_bayou_ford_a, uniq_grum, uniq_prince_ribbit1
D:9:      layout_irregular_city
D:10:     layout_roguey, nicolae_uskayaw_suspiria, hangedman_stone_soup
Temple:   dpeg_five_rooms_temple
Lair:1:   layout_cave_pods, serial_bayou_lagoon_b
Lair:2:   layout_chaotic_city, minmay_swamp_entry_worms, serial_bayou_shore_b,
          infiniplex_staircase_pool, uniq_nergalle

Skill      XL: |  1  2  3  4  5  6  7  8  9 10 11 |
---------------+----------------------------------+-----
Spellcasting   | 4 5 6 7 9 10 | 10.7
Fighting       | 1 4 5 7 9 11 | 11.6
Long Blades    | 1 4 |  4.0
Dodging        | 3 5 |  5.5
Stealth        | |  1.5

Action                   |  1- 3 |  4- 6 |  7- 9 | 10-12 || total
-------------------------+-------+-------+-------+-------++-------
Melee: Dagger            |    16 |       |       |       ||    16
       Unarmed           |     3 |       |       |       ||     3
       Long sword        |     3 |       |   195 |    55 ||   253
       Whip              |       |       |     2 |       ||     2
       Staff             |       |       |       |     7 ||     7
 Cast: Freeze            |    50 |       |     5 |    12 ||    67
       Frozen Ramparts   |     4 |       |    22 |    14 ||    40
       Hailstorm         |       |       |    24 |    61 ||    85
       Shock             |       |       |     3 |       ||     3
       Ozocubu's Armour  |       |       |     1 |     1 ||     2
       Call Imp          |       |       |     1 |       ||     1
       Poisonous Vapours |       |       |       |    21 ||    21
       Metabolic Englaci |       |       |       |     1 ||     1
Evoke: Wand              |       |       |       |     1 ||     1
  Use: Scroll            |       |       |     7 |     9 ||    16
       Potion            |       |       |       |     3 ||     3
 Stab: Sleeping          |       |       |     7 |       ||     7
Armor: Robe              |    17 |       |    64 |    11 ||    92
       Leather armour    |     1 |       |       |       ||     1
Dodge: Dodged            |    46 |       |   200 |    73 ||   319
       Repelled          |       |       |     1 |       ||     1
       Rpst.: Long sword |     1 |       |    51 |    20 ||    72

Table legend: (Time is in decaauts)
 A = Elapsed time spent in this place.
 B = Non-inter-level travel time spent in this place.
 C = Inter-level travel time spent in this place.
 D = Time resting spent in this place.
 E = Time spent auto-exploring this place.
 F = Levels seen in this place.
 G = Mean time per level.
                   A        B        C        D        E       F      G
               +--------+--------+--------+--------+--------+-----+--------+
         Total |  15901 |  15442 |    459 |   2939 |  10899 |  13 | 1223.2 |
       Dungeon |  12709 |  12326 |    383 |   2416 |   8507 |  10 | 1270.9 |
        Temple |    400 |    345 |     55 |      0 |    342 |   1 |  400.0 |
          Lair |   2791 |   2770 |     21 |    523 |   2050 |   2 | 1395.5 |
               +--------+--------+--------+--------+--------+-----+--------+

Top non-repeatable levels by time:
     D:8: 2338 daAuts
     D:4: 2205 daAuts
     D:1: 1744 daAuts
     D:7: 1664 daAuts
  Lair:2: 1400 daAuts
  Lair:1: 1391 daAuts
     D:9: 1365 daAuts
     D:5: 918 daAuts
     D:6: 886 daAuts
     D:3: 808 daAuts
     D:2: 430 daAuts
  Temple: 400 daAuts
    D:10: 348 daAuts
